 Dungeon Crawl Stone Soup version 0.23.2-30-g0e89c35649 (webtiles) character file.

Game seed: 334862597109928043

934 troglodite the Charmwright (level 8, -1/63 HPs)
             Began as a Gnoll Skald on June 17, 2019.
             Slain by an orc warrior
             ... wielding a +0 war axe
              (18 damage)
             ... on level 6 of the Dungeon.
             The game lasted 00:19:29 (6322 turns).

troglodite the Charmwright (Gnoll Skald)            Turns: 6322, Time: 00:19:31

Health: -1/63      AC:  7    Str: 14    XL:     8   Next: 11%
Magic:  14/16      EV: 14    Int: 20    God:
Gold:   286        SH:  0    Dex: 21    Spells: 5/18 levels left

rFire    + . .     SeeInvis .   z - +8 hand axe of Fate {holy, +Rage rElec Int+3}
rCold    . . .     Gourm    .   (no shield)
rNeg     . . .     Faith    .   x - +0 ring mail
rPois    .         Spirit   .   g - +0 helmet
rElec    +         Reflect  .   (no cloak)
rCorr    .         Harm     .   (no gloves)
MR       .....                  (no boots)
Stlth    ++........             (no amulet)
HPRegen  1.20/turn              w - +6 ring of dexterity
MPRegen  0.15/turn              t - ring of protection from fire

@: sluggish, regenerating (expiring), very slow
A: distributed training, fangs 1, strong nose
a: Evoke Berserk Rage


You were on level 6 of the Dungeon.
You were very hungry.

You visited 1 branch of the dungeon, and saw 6 of its levels.

You collected 286 gold pieces.

Inventory:

Hand Weapons
 a - a +0 spear
 z - the +8 hand axe of Fate (weapon) {holy, +Rage rElec Int+3}
   (You found it on level 6 of the Dungeon)

   It has been blessed by the Shining One to cause great damage to the undead
   and demons.
   It affects your intelligence (+3).
   It insulates you from electricity.
   It lets you go berserk.
Armour
 g - a +0 helmet (worn)
 x - a +0 ring mail (worn)
Jewellery
 r - an uncursed ring of see invisible
 t - a ring of protection from fire (right hand)
 w - a +6 ring of dexterity (left hand)
 y - an uncursed ring of magical power
Wands
 h - a wand of acid (8)
 i - a wand of iceblast (12)
Scrolls
 f - 4 scrolls of amnesia
 j - a scroll of enchant armour {unknown}
 n - 3 scrolls of magic mapping {unknown}
 q - 3 scrolls of remove curse {unknown}
 s - 2 scrolls of fog {unknown}
Potions
 b - a potion of cancellation {unknown}
 c - 2 potions of flight
 e - a potion of haste {unknown}
 k - a potion of degeneration {unknown}
 l - a potion of berserk rage {unknown}
 m - 2 potions of mutation
 o - a potion of ambrosia {unknown}
 p - 3 potions of curing
 v - 3 potions of invisibility {unknown}
Comestibles
 d - 9 rations


   Skills:
 + Level 5.4 Fighting
 + Level 2.9 Short Blades
 + Level 2.9 Long Blades
 + Level 2.9 Axes
 + Level 2.9 Maces & Flails
 + Level 5.4 Polearms
 + Level 2.9 Staves
 + Level 2.9 Slings
 + Level 2.9 Bows
 + Level 2.9 Crossbows
 + Level 2.9 Throwing
 + Level 3.9 Armour
 + Level 5.4 Dodging
 + Level 2.9 Stealth
 + Level 2.9 Shields
 + Level 2.9 Unarmed Combat
 + Level 5.8 Spellcasting
 + Level 2.3 Conjurations
 + Level 2.3 Hexes
 + Level 6.0 Charms
 + Level 2.3 Summonings
 + Level 2.3 Necromancy
 + Level 2.3 Translocations
 + Level 2.3 Transmutations
 + Level 2.3 Fire Magic
 + Level 2.3 Ice Magic
 + Level 2.3 Air Magic
 + Level 2.3 Earth Magic
 + Level 2.3 Poison Magic
 + Level 3.2 Invocations
 + Level 2.9 Evocations


You had 5 spell levels left.
You knew the following spells:

 Your Spells              Type           Power        Failure   Level  Hunger
a - Infusion              Chrm           ####         1%          1    None
b - Spectral Weapon       Hex/Chrm       ###.....     11%         3    ##.....
c - Regeneration          Chrm/Necr      ###.......   11%         3    ##.....
d - Vampiric Draining     Necr           ###.......   22%         3    ##.....
e - Pain                  Necr           ###.         8%          1    None
f - Swiftness             Chrm/Air       ###.....     5%          2    None

Your spell library contained the following spells:

 Spells                   Type           Power        Failure   Level  Hunger
 Song of Slaying          Chrm           ####....     2%          2    None
 Shroud of Golubria       Chrm/Tloc      ###.......   5%          2    None
 Animate Skeleton         Necr           N/A          8%          1    None
 Shock                    Conj/Air       ###.         8%          1    None
 Static Discharge         Conj/Air       ###.....     22%         3    ##.....
 Airstrike                Air            ###.......   58%         4    ####...
 Animate Dead             Necr           N/A          58%         4    ####...
 Lightning Bolt           Conj/Air       ###.......   91%         5    #####..


Dungeon Overview and Level Annotations

Branches:
Dungeon (6/15)
 Temple: D:4-7

Altars:
Cheibriados
Dithmenos
Trog
Wu Jian
The Shining One

Annotations:
D:3 2 transporters, HiStorm4nn's ghost, weakling FeTm


Innate Abilities, Weirdness & Mutations

Your experience applies equally to all skills.
You have very sharp teeth.
Your uncanny sense of smell can sniff out nearby items.


Message History

The orc warrior is heavily wounded.
You are feeling very hungry.
The orc warrior hits you with a +0 war axe.
Your ring mail prevents you from hitting the orc warrior.
The orc warrior is heavily wounded.
The orc warrior hits you with a +0 war axe!
* * * LOW HITPOINT WARNING * * *
You barely miss the orc warrior.
The orc warrior is heavily wounded.
You hit the orc warrior. Your bite misses the orc warrior.
The orc warrior is severely wounded.
The orc warrior hits you but does no damage.
You hit the orc warrior.
You punch the orc warrior, but do no damage.
The orc warrior is almost dead.
Your skin is crawling a little less now.
An orc wizard appears from thin air!
Reactivating autopickup.
The orc warrior hits you with a +0 war axe!!
You die...

#.......# #.......###
#......... ∆ ∆ #.......#
#.......# # #.......#
#.#######.. #.......#
#.#........ #.......#
#...$......
#.......######@#####..
#...........##o#......
#...........#olo..#.#
##..................#
#..............#.#...
##.............##.#.#####
##.................#.#...
#...##.......#######.#.#
#...'............ol....#


You could see an orc warrior, an iguana, an orc wizard and an orc.

Vanquished Creatures
  2 sky beasts
  An ogre (D:5)
  A centaur (D:3)
  2 howler monkeys
  A centaur zombie (D:5)
  2 hounds (D:5)
  3 orc wizards
  2 orc priests
  A jelly (D:4)
  2 iguanas (D:4)
  A hound zombie (D:6)
  A hound skeleton (D:6)
  A worker ant zombie (D:5)
  4 adders
  An ooze (D:1)
  2 worms
  3 dart slugs
  4 leopard geckos
  22 orcs
  7 bats
  A giant cockroach (D:6)
  A goblin (D:1)
  6 hobgoblins
  11 jackals
  4 quokkas
  9 frilled lizards
  A jackal skeleton (D:5)
  8 kobolds
  9 rats
113 creatures vanquished.

Vanquished Creatures (others)
  A wizard (D:4)
  An orc (D:5)
  3 spectral weapons
5 creatures vanquished.

Grand Total: 118 creatures vanquished

Notes
Turn   | Place    | Note
-------+----------+-------------------------------------------
     0 | D:1      | troglodite the Gnoll Skald began the quest for the Orb.
     0 | D:1      | Reached XP level 1. HP: 20/20 MP: 6/6
   309 | D:1      | Reached XP level 2. HP: 26/26 MP: 7/7
   586 | D:1      | Reached XP level 3. HP: 31/31 MP: 9/9
   617 | D:1      | Learned a level 3 spell: Spectral Weapon
   621 | D:1      | Learned a level 3 spell: Regeneration
   632 | D:1      | Reached skill level 5 in Spellcasting
  1271 | D:2      | Reached skill level 1 in Invocations
  1329 | D:2      | Reached skill level 1 in Short Blades
  1329 | D:2      | Reached skill level 1 in Long Blades
  1329 | D:2      | Reached skill level 1 in Axes
  1329 | D:2      | Reached skill level 1 in Maces & Flails
  1329 | D:2      | Reached skill level 1 in Staves
  1329 | D:2      | Reached skill level 1 in Slings
  1329 | D:2      | Reached skill level 1 in Bows
  1329 | D:2      | Reached skill level 1 in Crossbows
  1329 | D:2      | Reached skill level 1 in Throwing
  1329 | D:2      | Reached skill level 1 in Stealth
  1329 | D:2      | Reached skill level 1 in Shields
  1329 | D:2      | Reached skill level 1 in Unarmed Combat
  1329 | D:2      | Reached skill level 1 in Evocations
  1397 | D:2      | Reached XP level 4. HP: 38/38 MP: 11/11
  2084 | D:3      | Found a transporter.
  2103 | D:3      | Noticed HiStorm4nn's ghost (weakling FeTm)
  2110 | D:3      | Found a transporter.
  2225 | D:3      | Found a glowing golden altar of the Shining One.
  2386 | D:3      | Reached skill level 1 in Conjurations
  2386 | D:3      | Reached skill level 1 in Hexes
  2386 | D:3      | Reached skill level 1 in Summonings
  2386 | D:3      | Reached skill level 1 in Necromancy
  2386 | D:3      | Reached skill level 1 in Translocations
  2386 | D:3      | Reached skill level 1 in Transmutations
  2386 | D:3      | Reached skill level 1 in Fire Magic
  2386 | D:3      | Reached skill level 1 in Ice Magic
  2386 | D:3      | Reached skill level 1 in Air Magic
  2386 | D:3      | Reached skill level 1 in Earth Magic
  2386 | D:3      | Reached skill level 1 in Poison Magic
  2781 | D:3      | Reached XP level 5. HP: 23/43 MP: 12/12
  2980 | D:3      | Noticed a centaur
  2988 | D:3      | Killed a centaur
  3227 | D:4      | Reached XP level 6. HP: 47/50 MP: 7/13
  3300 | D:4      | Learned a level 3 spell: Vampiric Draining
  3302 | D:4      | Learned a level 1 spell: Pain
  3372 | D:4      | Reached skill level 5 in Fighting
  3372 | D:4      | Reached skill level 5 in Polearms
  3372 | D:4      | Reached skill level 5 in Dodging
  3603 | D:4      | Noticed a sky beast
  3630 | D:4      | Killed a sky beast
  3641 | D:4      | HP: 1/51 [iguana (3)]
  3679 | D:4      | Reached XP level 7. HP: 10/56 MP: 8/15
  4208 | D:4      | Found a bloodstained altar of Trog.
  4209 | D:4      | Noticed a wizard
  4215 | D:4      | Killed a wizard
  4763 | D:5      | Entered Level 5 of the Dungeon
  4791 | D:5      | Learned a level 2 spell: Swiftness
  4892 | D:5      | Found a shadowy altar of Dithmenos.
  5247 | D:5      | Found an ornate altar of the Wu Jian Council.
  5547 | D:5      | Found a snail-covered altar of Cheibriados.
  5757 | D:6      | Reached XP level 8. HP: 16/63 MP: 13/16
  6217 | D:6      | Got a faintly glowing hand axe
  6218 | D:6      | Identified the +8 hand axe of Fate {holy, +Rage rElec
                  | Int+3} (You found it on level 6 of the Dungeon)
  6238 | D:6      | Reached skill level 6 in Charms
  6322 | D:6      | Slain by an orc warrior

Skill      XL: |  1  2  3  4  5  6  7  8 |
---------------+-------------------------+-----
Spellcasting   | 5 |  5.8
Invocations    | 1 2 3 |  3.2
Short Blades   | 1 2 |  2.9
Long Blades    | 1 2 |  2.9
Axes           | 1 2 |  2.9
Maces & Flails | 1 2 |  2.9
Staves         | 1 2 |  2.9
Slings         | 1 2 |  2.9
Bows           | 1 2 |  2.9
Crossbows      | 1 2 |  2.9
Throwing       | 1 2 |  2.9
Stealth        | 1 2 |  2.9
Shields        | 1 2 |  2.9
Unarmed Combat | 1 2 |  2.9
Evocations     | 1 2 |  2.9
Conjurations   | 1 2 |  2.3
Hexes          | 1 2 |  2.3
Summonings     | 1 2 |  2.3
Necromancy     | 1 2 |  2.3
Translocations | 1 2 |  2.3
Transmutations | 1 2 |  2.3
Fire Magic     | 1 2 |  2.3
Ice Magic      | 1 2 |  2.3
Air Magic      | 1 2 |  2.3
Earth Magic    | 1 2 |  2.3
Poison Magic   | 1 2 |  2.3
Armour         | 3 |  3.9
Fighting       | 5 |  5.4
Polearms       | 5 |  5.4
Dodging        | 5 |  5.4
Charms         | 6 |  6.0

Action                   |  1- 3 |  4- 6 |  7- 9 || total
-------------------------+-------+-------+-------++-------
Melee: Spear             |   132 |   222 |   194 ||   548
       Bite              |    13 |    29 |    28 ||    70
       Punch             |       |     1 |     6 ||     7
       Hand axe          |       |       |    13 ||    13
 Cast: Regeneration      |     3 |       |     2 ||     5
       Spectral Weapon   |     1 |     7 |     9 ||    17
       Pain              |       |     2 |       ||     2
       Vampiric Draining |       |     1 |       ||     1
       Infusion          |       |       |     1 ||     1
       Swiftness         |       |       |     2 ||     2
  Use: Potion            |       |     2 |     2 ||     4
       Scroll            |       |       |     4 ||     4
 Stab: Sleeping          |     1 |     2 |     3 ||     6
       Distracted        |       |       |     1 ||     1
  Eat: Chunk             |     2 |     7 |     6 ||    15
       Ration            |       |       |     1 ||     1
Armor: Leather armour    |    21 |    18 |       ||    39
       Ring mail         |       |    30 |    52 ||    82
Dodge: Dodged            |   100 |   126 |   116 ||   342
